Map: [ESL] Moondance

Players

HeroMarine - Winner!

  • Race: Terran Terran
  • League: Master
  • Spawn Location: 12:00

Nina

  • Race: Protoss Protoss
  • League: Master
  • Spawn Location: 6:00

Event: HomeStory Cup XXII

VOD

Have the link to the VOD?

Description

Time

  • Played on: Dec. 16, 2022, 6:51 a.m.
  • Length: 10:12

All games in this series

Show
View Real Time Build Order
Export as new Build Order

HeroMarine Terran - Winner!

Build Orders:  

Get SALT Encoding   

  12  0:00  SCV  
  13  0:12  SCV  
  14  0:17  Supply Depot  
  14  0:24  SCV  
  15  0:39  SCV  
  15  0:40  Barracks  
  16  0:44  Refinery  
  16  0:51  SCV  
  16  0:52  Refinery  
  17  1:03  SCV  
  18  1:15  SCV  
  19  1:27  Reaper, Orbital Command  
  19  1:28  Supply Depot  
  20  1:42  Factory  
  20  1:52  SCV  
  21  1:59  Reaper  
  22  2:05  SCV  
  23  2:15  Command Center  
  23  2:17  SCV  
  24  2:27  Hellion  
  24  2:29  SCV  
  27  2:31  Barracks Reactor  
  27  2:36  Supply Depot  
  27  2:41  SCV  
  28  2:48  Widow Mine  
  28  2:49  Starport  
  30  2:54  SCV  
  31  3:06  SCV  
  31  3:09  Widow Mine, Marine x2  
  36  3:18  SCV  
  37  3:25  Medivac  
  39  3:28  Marine x2  
  39  3:30  SCV  
  39  3:31  Widow Mine  
  44  3:42  SCV  
  44  3:46  Orbital Command  
  44  3:47  Marine x2  
  44  3:48  Supply Depot  
  47  3:53  Refinery  
  47  3:54  SCV, Factory Tech Lab  
  48  3:57  Starport Tech Lab  
  48  4:06  SCV, Marine  
  48  4:07  Marine  
  51  4:11  Supply Depot  
  51  4:15  Raven  
  51  4:16  SCV  
  54  4:18  SCV  
  54  4:23  Siege Tank  
  58  4:28  SCV  
  58  4:30  SCV  
  60  4:32  Marine x2  
  62  4:40  SCV  
  62  4:42  SCV  
  63  4:50  Marine x2  
  63  4:52  Barracks, SCV  
  64  4:55  SCV  
  64  4:56  Siege Tank  
  68  5:04  SCV  
  68  5:05  Supply Depot  
  68  5:07  SCV, Raven, Marine, Barracks  
  70  5:08  Marine  
  74  5:14  Engineering Bay  
  74  5:16  SCV  
  74  5:19  SCV  
  76  5:28  SCV, Siege Tank  
  79  5:31  SCV  
  80  5:40  Terran Infantry Weapons Level 1  
  80  5:43  SCV, Refinery  
  80  5:45  Command Center  
  80  5:46  Marine x2  
  83  5:52  SCV  
  83  5:55  SCV  
  83  5:56  Supply Depot  
  85  5:57  Stimpack, Starport Reactor  
  85  6:01  Supply Depot  
  85  6:09  SCV  
  85  6:10  Factory Reactor  
  86  6:15  Combat Shield  
  86  6:17  SCV, Marauder x2  
  91  6:19  Marine x2  
  91  6:21  Supply Depot  
  91  6:23  Supply Depot, SCV  
  94  6:29  SCV  
  93  6:34  Medivac x2  
  93  6:35  SCV  
  98  6:40  Barracks  
  98  6:42  Barracks  
  98  6:43  SCV  
  99  6:47  SCV  
  99  6:49  Marauder  
  99  6:51  Marauder  
  99  6:53  Marine x2  
  106  6:55  SCV  
  106  6:59  SCV, Factory Tech Lab, Orbital Command  
  108  7:05  Medivac  
  108  7:07  SCV  
  111  7:09  Medivac  
  111  7:11  SCV  
  111  7:14  Marauder x2  
  111  7:15  Marine  
  119  7:19  Siege Tank  
  119  7:21  SCV  
  119  7:23  Supply Depot, SCV  
  119  7:25  Refinery  
  119  7:27  SCV  
  119  7:31  Barracks Tech Lab  
  119  7:32  Barracks Reactor  
  119  7:33  SCV  
  119  7:34  Marine x2  
  119  7:35  SCV, Viking  
  119  7:36  Marauder x2  
  129  7:39  Viking  
  131  7:44  Concussive Shells  
  131  7:50  Command Center  
  131  7:55  Marauder, Marine  
  131  7:56  Supply Depot  
  131  7:57  Supply Depot, Marauder, Marine  
  131  7:58  Marine  
  138  8:00  Marauder, Marine  
  138  8:04  Supply Depot  
  138  8:05  Terran Infantry Armor Level 1  
  141  8:16  Engineering Bay, Armory  
  134  8:24  Marauder x3  
  134  8:26  Marine x2  
  142  8:28  Marine x2  
  142  8:30  SCV x3  
  146  8:44  Marine x2  
  146  8:45  Marauder x2, Marine  
  146  8:47  Medivac x2  
  157  8:52  Marine x2  
  157  8:53  Barracks  
  157  8:54  Barracks  
  159  8:55  Barracks  
  159  9:01  Marine  
  159  9:02  Marine  
  152  9:03  Marauder  
  152  9:09  Marauder  
  155  9:10  Marauder  
  155  9:14  Marine x2  
  156  9:18  Medivac x2  
  156  9:23  Ghost Academy  
  156  9:24  Marauder  
  156  9:27  Marine x2  
  156  9:31  Marauder x2  
  157  9:42  Marine x2  
  157  9:45  Barracks Reactor  
  157  9:46  Barracks Tech Lab, Marauder  
  157  9:47  Barracks Tech Lab  
  157  9:48  SCV x3  
  161  10:00  SCV  
Show
View Real Time Build Order
Export as new Build Order

Nina Protoss 

Build Orders: 1 Gate Expand, Blink Stalkers, Colossus Rush 

Get SALT Encoding   

  12  0:00  Probe  
  13  0:12  Probe  
  14  0:17  Pylon  
  14  0:24  Probe (Chrono Boost)  
  15  0:36  Probe (Chrono Boost)  
  15  0:37  Gateway  
  16  0:45  Probe (Chrono Boost)  
  16  0:48  Assimilator  
  17  0:51  Probe  
  18  1:03  Probe  
  19  1:15  Probe  
  20  1:24  Cybernetics Core  
  20  1:34  Nexus  
  20  1:39  Pylon  
  20  1:42  Probe  
  21  1:48  Assimilator  
  21  1:54  Probe  
  22  1:58  Stalker (Chrono Boost)  
  24  2:02  Warp Gate  
  24  2:06  Probe  
  24  2:18  Probe (Chrono Boost)  
  24  2:20  Stalker  
  28  2:30  Probe (Chrono Boost)  
  28  2:35  Probe (Chrono Boost)  
  29  2:38  Twilight Council  
  29  2:44  Shield Battery  
  29  2:46  Probe (Chrono Boost)  
  29  2:48  Probe (Chrono Boost)  
  31  2:55  Stalker  
  35  2:58  Probe (Chrono Boost)  
  35  3:00  Probe (Chrono Boost)  
  35  3:04  Probe  
  35  3:08  Probe  
  35  3:12  Gateway  
  37  3:16  Probe  
  37  3:18  Blink (Chrono Boost)  
  38  3:24  Probe  
  39  3:28  Probe  
  39  3:32  Pylon  
  40  3:36  Probe  
  40  3:41  Probe  
  42  3:48  Probe  
  42  3:50  Stalker  
  42  3:52  Robotics Facility  
  42  3:53  Probe  
  46  3:56  Assimilator  
  46  4:00  Probe  
  47  4:04  Pylon  
  47  4:05  Probe  
  47  4:09  Stalker  
  50  4:13  Probe  
  50  4:14  Assimilator  
  50  4:16  Stalker  
  53  4:17  Probe  
  54  4:25  Probe  
  54  4:29  Probe  
  56  4:37  Probe  
  57  4:41  Probe (Chrono Boost)  
  52  4:49  Probe (Chrono Boost), Stalker x2  
  57  4:53  Probe (Chrono Boost)  
  57  4:55  Robotics Bay  
  59  5:00  Probe (Chrono Boost)  
  59  5:01  Probe (Chrono Boost)  
  59  5:05  Probe (Chrono Boost)  
  59  5:06  Nexus  
  61  5:08  Probe  
  62  5:14  Pylon  
  62  5:15  Pylon  
  62  5:21  Pylon  
  62  5:29  Observer  
  62  5:32  Probe  
  62  5:34  Probe  
  63  5:35  Charge (Chrono Boost)  
  63  5:38  Sentry  
  63  5:39  Sentry  
  67  5:44  Probe  
  67  5:46  Probe  
  67  5:49  Colossus  
  69  5:56  Probe  
  76  5:58  Probe  
  76  5:59  Gateway  
  76  6:02  Gateway  
  76  6:03  Extended Thermal Lance  
  77  6:08  Probe  
  78  6:16  Probe (Chrono Boost)  
  72  6:20  Probe (Chrono Boost)  
  72  6:22  Observer  
  72  6:23  Probe (Chrono Boost)  
  73  6:30  Probe (Chrono Boost)  
  73  6:32  Observer, Probe (Chrono Boost)  
  75  6:33  Probe (Chrono Boost)  
  75  6:39  Probe (Chrono Boost)  
  78  6:41  Zealot x2, Probe (Chrono Boost)  
  78  6:43  Disruptor  
  78  6:44  Probe (Chrono Boost)  
  85  6:47  Robotics Facility  
  85  6:49  Probe (Chrono Boost)  
  85  6:50  Pylon  
  85  6:52  Probe (Chrono Boost)  
  85  6:53  Probe  
  88  6:56  Sentry  
  88  6:58  Probe  
  91  7:02  Forge  
  91  7:03  Probe  
  91  7:06  Probe  
  93  7:12  Zealot x2  
  97  7:19  Probe  
  97  7:22  Probe  
  97  7:28  Disruptor (Chrono Boost)  
  97  7:32  Probe  
  97  7:33  Protoss Ground Weapons Level 1 (Chrono Boost)  
  97  7:34  Observer (Chrono Boost)  
  97  7:35  Probe  
  103  7:39  Photon Cannon  
  103  7:41  Assimilator  
  103  7:43  Pylon  
  102  7:47  Disruptor (Chrono Boost)  
  105  7:53  Pylon  
  105  7:55  Zealot x2  
  109  7:59  Nexus  
  109  8:02  Pylon  
  109  8:12  Zealot x2  
  114  8:13  Disruptor (Chrono Boost)  
  107  8:21  Zealot  
  107  8:22  Zealot  
  114  8:34  Pylon  
  110  8:35  Zealot x2  
  110  8:42  Disruptor (Chrono Boost)  
  110  8:45  Disruptor (Chrono Boost)  
  113  8:51  Gateway  
  113  8:52  Zealot  
  113  8:54  Gateway  
  113  8:56  Gateway  
  113  9:01  Probe  
  114  9:03  Zealot x3  
  118  9:15  Colossus (Chrono Boost)  
  100  9:18  Disruptor (Chrono Boost)  
  99  9:27  Zealot x2  
  99  9:28  Zealot  
  92  9:37  Pylon  
  81  9:42  Probe  
  74  9:51  Probe  
  74  9:52  Zealot x2  
  80  9:59  Probe x2 (Chrono Boost)  
Tags
 
Add a new tag
Caveats
  • Supply blocks, unpowered buildings, or Contaminate may cause inaccurate times.
  • Supply counts are checked every 10 seconds.